 Dungeon Crawl Stone Soup version 0.23-a0-336-g43d87f4c55 (webtiles) character file.

196 Aesh the Vexing (level 5, -1/24 HPs)
             Began as a Spriggan Enchanter on Oct 18, 2018.
             Slain by a kobold
             ... wielding a +0 dagger
              (2 damage)
             ... on level 3 of the Dungeon.
             The game lasted 00:09:24 (3213 turns).

Aesh the Vexing (Spriggan Enchanter)                Turns: 3213, Time: 00:09:26

Health: -1/24      AC:  3    Str:  8    XL:     5   Next: 45%
Magic:  2/13       EV: 24    Int: 17    God:
Gold:   96         SH:  0    Dex: 22    Spells: 5/14 levels left

rFire    . . .     SeeInvis +   a - +3 dagger
rCold    . . .     Gourm    .   (shield restricted)
rNeg     . . .     Faith    .   b - +1 robe
rPois    .         Spirit   .   (helmet restricted)
rElec    .         Reflect  .   (no cloak)
rCorr    .         Harm     .   (gloves unavailable)
MR       .....                  (boots unavailable)
Stlth    ++++......             (no amulet)
HPRegen  0.08/turn              g - +3 ring of slaying
MPRegen  0.13/turn              c - +4 ring of strength

@: agile, very quick
A: very small, unfitting armour, see invisible, herbivore, speed 3, slow
metabolism 2
a: no special abilities


You were on level 3 of the Dungeon.
You were not hungry.

You visited 1 branch of the dungeon, and saw 3 of its levels.

You collected 96 gold pieces.

Inventory:

Hand Weapons
 a - a +3 dagger (weapon)
Missiles
 e - 8 poisoned needles
Armour
 b - a +1 robe (worn)
Jewellery
 c - a +4 ring of strength (right hand)
 g - a +3 ring of slaying (left hand)
Wands
 k - a wand of flame (35)
Scrolls
 j - 5 scrolls of teleportation
 l - a scroll of amnesia
Potions
 f - a potion of agility
Comestibles
 d - 3 rations


   Skills:
 - Level 1.1 Short Blades
 - Level 3.0 Dodging
 + Level 4.4 Stealth
 - Level 5.3 Spellcasting
 - Level 5.9 Hexes


You had 5 spell levels left.
You knew the following spells:

 Your Spells              Type           Power        Failure   Level  Hunger
a - Ensorcelled Hibernat  Hex/Ice        ##....       6%          2    #......
b - Corona                Hex            ###....      1%          1    None
c - Confuse               Hex            ###.....     3%          3    ##.....
d - Tukima's Dance        Hex            ###.....     3%          3    ##.....

Your spell library contained the following spells:

 Spells                   Type           Power        Failure   Level  Hunger
 Dazzling Spray           Conj/Hex       ##....       12%         3    ##.....


Dungeon Overview and Level Annotations

Branches:
Dungeon (3/15)

Altars:

Annotations:
D:3 Grinder, Ijyb


Innate Abilities, Weirdness & Mutations

You are very small and have problems with some larger weapons.
You are too small for most types of armour.
You have supernaturally acute eyesight. (SInv)
You are a herbivore.
You cover ground extremely quickly.
You need to consume almost no food.


Message History

The kobold closely misses you.
Grinder blinks!
You barely miss the kobold. The kobold completely misses you.
Unknown command.
Unknown command.
Unknown command.
You see here a stone.
Your magical contamination has completely faded away.
Grinder gestures at you.
You suddenly lose the ability to move!
Grinder blinks!
The kobold hits you with a +0 dagger.
* * * LOW HITPOINT WARNING * * *
The kobold hits you with a +0 dagger.
* * * LOW HITPOINT WARNING * * *
You can move again.
There is a stone staircase leading down here.
Unknown command.
Unknown command.
The kobold hits you with a +0 dagger.
You die...

#.##..# ###.##.#..# #
#.##..# #...)....# ##
#.##..# #.#.##..#.. .##
#..#..# #.#g##.#..#
..####)....#####.#......#.
..'.............K(.....#..
..####.....#####g###..#..#
.## #......# #K####...#.
## ####....# #@......#.. #
###..# ######.#..# #######
...# .#. ......# PP.♣ .
.###### #. .# #..# ##.# .#
#.## ##... .###.## ....
......# ...


You could see Ijyb and 2 kobolds.

Vanquished Creatures
  An iguana (D:3)
  An orc wizard (D:3)
  Robin (D:3)
  5 adders
  A worm (D:2)
  3 dart slugs (D:1)
  4 leopard geckos
  4 orcs (D:3)
  A ball python (D:2)
  8 bats
  3 giant cockroaches
  15 goblins
  9 hobgoblins
  A frilled lizard (D:1)
  4 kobolds
  11 rats
72 creatures vanquished.

Notes
Turn   | Place    | Note
-------+----------+-------------------------------------------
     0 | D:1      | Aesh the Spriggan Enchanter began the quest for the Orb.
     0 | D:1      | Reached XP level 1. HP: 9/9 MP: 5/5
     6 | D:1      | Noticed a swamp worm
     6 | D:1      | Noticed a polar bear
     7 | D:1      | Noticed a black mamba
   256 | D:1      | Reached XP level 2. HP: 11/13 MP: 5/7
   260 | D:1      | Learned a level 2 spell: Ensorcelled Hibernation
  1003 | D:1      | Reached XP level 3. HP: 16/16 MP: 9/9
  1008 | D:1      | Learned a level 3 spell: Confuse
  1012 | D:1      | Learned a level 3 spell: Tukima's Dance
  1585 | D:2      | Found a faded altar of an unknown god.
  1681 | D:2      | Reached XP level 4. HP: 11/21 MP: 8/11
  2000 | D:2      | Reached skill level 5 in Hexes
  2691 | D:3      | Noticed Robin
  2696 | D:3      | Reached XP level 5. HP: 22/24 MP: 8/13
  2717 | D:3      | Killed Robin
  2717 | D:3      | Reached skill level 5 in Spellcasting
  3174 | D:3      | Noticed Ijyb
  3174 | D:3      | Noticed Grinder
  3208 | D:3      | Paralysed by Grinder for 4 turns
  3212 | D:3      | HP: 1/24 [kobold/+0 dagger (1)]
  3213 | D:3      | Slain by a kobold

Vault maps used:
D:1:      onia_arrival_zoo_common
D:2:      chequers_ecumenical_altar_simple, kennysheep_minor_cross
D:3:      minmay_misc_feat_diagonals, bloody_trog, uniq_ijyb, uniq_grinder,
          uniq_robin, uniq_crazy_yiuf_cottage, uniq_sigmund

Skill      XL: |  1  2  3  4  5 |
---------------+----------------+-----
Spellcasting   | 3 4 5 |  5.3
Hexes          | 4 5 |  5.9
Short Blades   | |  1.1
Dodging        | |  3.0
Stealth        | |  4.4

Action                   |  1- 3 |  4- 6 || total
-------------------------+-------+-------++-------
Melee: Dagger            |    88 |    86 ||   174
 Cast: Corona            |     2 |       ||     2
       Ensorcelled Hiber |     4 |    11 ||    15
       Confuse           |     1 |     4 ||     5
  Use: Scroll            |     7 |     2 ||     9
       Potion            |       |     5 ||     5
 Stab: Sleeping          |    14 |     7 ||    21
       Confused          |       |     1 ||     1
  Eat: Ration            |       |     1 ||     1
Armor: Robe              |     6 |    12 ||    18
Dodge: Dodged            |    60 |    67 ||   127

Table legend:
 A = Non-vault XP
 B = Vault XP
 C = Vault XP percentage of total XP
 D = Non-vault monster count
 E = Vault monster count
 F = Vault count percentage of total count
                 A         B        C        D         E       F
            +---------+---------+-------+---------+---------+-------
      Total |     250 |      30 |  10.7 |      63 |       9 |  12.5
            +---------+---------+-------+---------+---------+-------
        D:1 |      49 |       0 |   0.0 |      27 |       0 |   0.0
        D:2 |      68 |       0 |   0.0 |      17 |       0 |   0.0
        D:3 |     133 |      30 |  18.4 |      19 |       9 |  32.1
            +---------+---------+-------+---------+---------+-------
